 Dungeon Crawl Stone Soup version 0.30-a0-778-g2ef04afb54 (webtiles) character file.

Game seed: 14683941572696157503

10878 sanka the Fighter (level 11, -5/84 (93) HPs)
             Began as a Mummy Hedge Wizard on Feb 17, 2023.
             Was a Believer of Ashenzari.
             Slain by a white ugly thing (12 damage)
             ... on level 11 of the Dungeon.
             The game lasted 00:38:45 (12858 turns).

sanka the Fighter (Mummy Hedge Wizard)             Turns: 12858, Time: 00:38:45

HP:   -5/84 (93)    AC: 12    Str: 20    XL:     11   Next: 42%
MP:   20/24         EV: 21    Int: 17    God:    Ashenzari [**....]
Gold: 796           SH:  0    Dex: 12    Spells: 18/28 levels left

rFire   x . .      SeeInvis +    a - +4 halberd (freeze)
rCold   + . .      Faith    +    (shield currently unavailable)
rNeg    + + +      Spirit   .    u - +2 robe "I Foresaw This" {Will+, Elem, Alch} (curse)
rPois   ∞          Reflect  .    l - +2 helmet of Ashenzari's Discomfort {Comp, Elem} (curse)
rElec   .          Harm     .    v - +0 cloak
rCorr   .          Rampage  .    r - +0 pair of gloves
Will    ++...                    f - +2 pair of boots "Cursed Submission" {Comp, Evo} (curse)
Stlth   ++                       d - amulet "Eternal With Me" {Regen+, Self, Cun} (curse)
HPRegen 1.14/turn                j - +6 ring of strength
MPRegen 0.19/turn                c - +5 ring of evasion

@: drained
A: cold resistance 1, negative energy resistance 3, torment resistance 2, heat
vulnerability 1, in touch with death 1, no potions, faith
a: Renounce Religion, Curse Item, Shatter the Chains


You were on level 11 of the Dungeon.
You worshipped Ashenzari.
Ashenzari was pleased with you.
You visited 2 branches of the dungeon, and saw 12 of its levels.
You also visited: Bailey.

You collected 796 gold pieces.


Innate Abilities, Weirdness & Mutations

You are immune to poison.
Your flesh is cold resistant. (rC+)
You are immune to negative energy. (rN+++)
You are immune to unholy pain and torment.
You are vulnerable to heat. (rF-)
You are in touch with the powers of death.
You do not drink.
You have a special connection with the divine. (Faith)


   Skills:
 - Level 10.0(11.2) Fighting
 - Level 9.4(10.7) Dodging
 - Level 1.5(2.4) Stealth
 - Level 8.0(9.2) Spellcasting
 - Level 2.0 Conjurations
 + Level 5.8(7.7) Summonings
 - Level 2.0(3.4) Necromancy
 - Level 2.0 Translocations
 - Level 2.0(3.4) Air Magic
 - Level 2.0(3.0) Poison Magic


You had 18 spell levels left.
You knew the following spells:

 Your Spells              Type           Power      Damage    Failure   Level
b - Blink                 Tloc           28%        N/A       6%          2
c - Mephitic Cloud        Conj/Pois/Air  17%        N/A       9%          3
x - Call Imp              Summ           34%        N/A       1%          2
y - Cigotuvi's Dreadful   Necr/Pois/Air  56%        N/A       3%          2
z - Magic Dart            Conj           56%        1d5       4%          1

Your spell library contained the following spells:

 Spells                   Type           Power      Damage    Failure   Level
 Slow                     Hex            28%        N/A       10%         1
 Hailstorm                Conj/Ice       11%        3d5       17%         3
 Portal Projectile        Hex/Tloc       22%        N/A       19%         3
 Ozocubu's Armour         Ice            8%         N/A       26%         3
 Tukima's Dance           Hex            7%         N/A       28%         3
 Summon Forest            Summ/Tloc      12%        N/A       34%         5
 Summon Hydra             Summ           17%        N/A       97%         7
 Eringya's Noxious Bog    Tmut/Pois      6%         N/A       100%        6
 Simulacrum               Ice/Necr       10%        N/A       100%        6
 Ozocubu's Refrigeration  Ice            4%         4d8       100%        7
 Ice Form                 Ice/Tmut       Unusable   N/A       N/A         4
 Blade Hands              Tmut           Unusable   N/A       N/A         5

Inventory:

Hand Weapons
 a - a +4 halberd of freezing (weapon)
 b - the +0 long sword "Ynoloxoe" {distort, *Rage Dex+6}

   Dex:       It affects your dexterity (+6).
   *Rage:     It berserks you when you make melee attacks (+20% chance).
 k - a +4 scimitar of flaming
Missiles
 g - 3 curare-tipped darts {=f}
Armour
 f - the cursed +2 pair of boots "Cursed Submission" (worn) {Comp, Evo}

   It has a curse which improves the following skills: Companions: Summonings
   and Necromancy.
   Evocations: Evocations.
 l - the cursed +2 helmet of Ashenzari's Discomfort (worn) {Comp, Elem}

   It has a curse which improves the following skills: Companions: Summonings
   and Necromancy.
   Elements:  Fire Magic, Ice Magic, Air Magic and Earth Magic.
 r - a +0 pair of gloves (worn)
 u - the cursed +2 robe "I Foresaw This" (worn) {Will+, Elem, Alch}

   It has a curse which improves the following skills: Elements: Fire Magic, Ice
   Magic, Air Magic and Earth Magic.
   Alchemy:   Poison Magic and Transmutations.
 v - a +0 cloak (worn)
Jewellery
 c - a +5 ring of evasion (right hand)
 d - the cursed amulet "Eternal With Me" (around neck) {Regen+, Self, Cun}

   [amulet of regeneration]

   Regen:     It increases your rate of health regeneration.
   It has a curse which improves the following skills: Introspection: Fighting
   and Spellcasting.
   Cunning:   Dodging and Stealth.
 j - a +6 ring of strength (left hand)
 t - a ring of ice
Wands
 e - a wand of charming (12)
 p - a wand of roots (7)
 s - a wand of acid (3)
 y - a wand of flame (15)
Scrolls
 h - a scroll of vulnerability {!r}
 i - 2 scrolls of teleportation {@r4}
 m - a scroll of fear
 n - 7 scrolls of magic mapping
 q - a scroll of enchant armour
 w - a scroll of torment
 x - 2 scrolls of fog
 z - a scroll of blinking
Potions
 o - 4 potions of flight

Dungeon Overview and Level Annotations

Branches:
Dungeon (11/15)            Temple (1/1) D:4            Lair (0/5) D:10
    Orc (0/2) D:9          Bailey (visited)

Altars:
Ashenzari
Cheibriados
Dithmenos
Fedhas
Gozag
Hepliaklqana
Kikubaaqudgha
Makhleb
Nemelex Xobeh
Okawaru
Qazlal
Ru
Sif Muna
Trog
Uskayaw
Vehumet
Wu Jian
Xom
Yredelemnul

Portals:
Trove: D:10 (give horn of Geryon)

Annotations:
D:3 2 transporters
D:4 1 runed translucent door, rlgrobin's ghost, weakling MeFi
D:5 2 runed translucent doors, rlgrobin's ghost, amateur MeFi
D:9 exclusion: downstairs

▒▒▒▒▒▒▒▒▒▒▒░
▒..........
▒..........
▒..§.......░
░▒u▒ ▒▒▒▒▒▒ ,
▒M▒ ▒....▒.▒▒
▒.▒▒▒.......▒
▒.....▒▒.....░
▒.....▒▒.▒...
▒▒▒▒.........
▒▒▒..▒..... ,
▒▒........▒▒
▒......▒..▒ ░
▒▒.▒.▒.▒..▒░


You could see a white ugly thing.


Message History

The white ugly thing misses you.
The white ugly thing completely misses you.
You completely miss the white ugly thing.
The white ugly thing is severely wounded.
The white ugly thing barely misses you.
You puncture the white ugly thing! You freeze the white ugly thing.
The white ugly thing is almost dead.
The white ugly thing gores you.
* * * LOW HITPOINT WARNING * * *
The white ugly thing freezes you! You resist.
* * * LOW HITPOINT WARNING * * *
The white ugly thing gores you but does no damage.
You hit the white ugly thing but do no damage.
The white ugly thing is almost dead.
The white ugly thing gores you!
* * * LOW HITPOINT WARNING * * *
The white ugly thing freezes you! You resist.
* * * LOW HITPOINT WARNING * * *
Aiming: Mephitic Cloud (dangerous; 9% risk of failure)
Aim: a white ugly thing (almost dead, chance to affect: 43%)
The ball explodes into a vile cloud!
The stinking cloud engulfs the white ugly thing but does no damage.
The white ugly thing is almost dead.
The stinking cloud engulfs you but does no damage.
The white ugly thing is engulfed in noxious fumes.
The white ugly thing gores you!
You die...

Action                     |  1- 3 |  4- 6 |  7- 9 | 10-12 || total
---------------------------+-------+-------+-------+-------++-------
  Melee: Dagger            |     8 |       |       |       ||     8
         Short sword       |    56 |       |       |       ||    56
         Punch             |     1 |     1 |       |       ||     2
         Flail             |       |    24 |       |       ||    24
         Halberd           |       |   107 |   514 |   421 ||  1042
   Cast: Magic Dart        |   145 |   100 |   104 |    44 ||   393
         Cigotuvi's Dreadf |     1 |       |       |     2 ||     3
         Call Imp          |       |    13 |    10 |     3 ||    26
         Mephitic Cloud    |       |     4 |    29 |    14 ||    47
 Invoke: Curse Item        |       |       |     2 |     2 ||     4
  Evoke: Wand              |       |       |       |     3 ||     3
    Use: Scroll            |       |       |     6 |       ||     6
   Stab: Distracted        |       |     2 |       |     1 ||     3
         Confused          |       |       |    17 |     4 ||    21
         Sleeping          |       |       |     1 |       ||     1
 Armour: Robe              |    30 |    47 |   175 |   103 ||   355
  Dodge: Dodged            |    62 |   165 |   410 |   513 ||  1150

Levels and vault maps discovered:
D:1:      scummos_arrival_hexagon, layout_loops_ring, minmay_bisected
D:2:      layout_basic, serial_bayou, serial_bayou_pond_b, serial_bayou_shore_b,
          serial_bayou_crossing, serial_bayou_pond_b, serial_bayou_shore_b,
          serial_bayou_ford_a
D:3:      gammafunk_wand_slinger, layout_basic
D:4:      layout_basic, minmay_temple_entry_butterflies,
          hellmonk_ghost_happy_afterlife, hex_medium, minmay_fractal_squares_5
D:5:      layout_rooms, ebering_ghost_sewer_f
D:6:      layout_gridville, nicolae_grassy_gnolls, uniq_crazy_yiuf_cottage,
          uniq_blork_the_orc
D:7:      cheibrodos_helix_gallery, layout_basic, kennysheep_flooded_box,
          nicolae_benzene_ring, grunt_ministairs_1, uniq_pikel
D:8:      layout_rooms, nicolae_overflow_hallway_of_the_gods, uniq_maggie,
          uniq_erica
D:9:      layout_layer_cave, orc_0_dummy, kennysheep_opposing_triangles
D:10:     layout_irregular_city, grunt_lair_entry_orc_guard_hut, enter_trove_1,
          enter_bailey_3
D:11:     nzn_winding_woodlands_medium [nzn_winding_woodlands_hourglass,
          nzn_winding_woodlands_5x15_river_crossing,
          nzn_winding_woodlands_5x5_closed_star,
          nzn_winding_woodlands_5x5_perimeter,
          nzn_winding_woodlands_center_diamonds,
          nzn_winding_woodlands_5x5_three, nzn_winding_woodlands_5x5_cross,
          nzn_winding_woodlands_5x15_crooked,
          nzn_winding_woodlands_5x5_checkerboard], layout_basic, uniq_fannar
Temple:   sentei_temple_godly_chess

Notes
Turn   | Place    | Note
-------+----------+-------------------------------------------
     0 | D:1      | sanka the Mummy Hedge Wizard began the quest for the Orb.
     0 | D:1      | Reached XP level 1. HP: 13/13 MP: 5/5
   139 | D:1      | Reached skill level 1 in Conjurations
   437 | D:1      | Reached XP level 2. HP: 19/19 MP: 5/7
   440 | D:1      | Learned a level 2 spell: Call Imp
   443 | D:1      | Learned a level 2 spell: Cigotuvi's Dreadful Rot
   446 | D:1      | Learned a level 2 spell: Blink
   920 | D:1      | Reached skill level 1 in Translocations
  1359 | D:2      | Gained mutation: You are in touch with the powers of death.
                  | [Mummy growth]
  1359 | D:2      | Reached XP level 3. HP: 22/22 MP: 3/8
  1428 | D:1      | Reached skill level 1 in Summonings
  2157 | D:2      | Identified the +11 war axe "Rojib" {holy, Will+ Dex+3}
  2783 | D:3      | Found a transporter.
  2938 | D:3      | Reached XP level 4. HP: 30/30 MP: 7/10
  3044 | D:3      | Found a transporter.
  3176 | D:3      | Reached skill level 1 in Poison Magic
  3191 | D:3      | Reached skill level 1 in Necromancy
  3466 | D:3      | Reached XP level 5. HP: 19/35 MP: 3/12
  3538 | D:3      | Learned a level 3 spell: Mephitic Cloud
  3567 | D:3      | Reached skill level 1 in Air Magic
  3992 | D:4      | Reached skill level 5 in Spellcasting
  3992 | D:4      | Reached skill level 2 in Conjurations
  4414 | D:4      | Found a runed translucent door.
  4415 | D:4      | Noticed rlgrobin's ghost (weakling MeFi)
  4428 | D:4      | Noticed a phantom
  4438 | D:4      | Killed a phantom
  4439 | D:4      | Reached skill level 2 in Summonings
  4439 | D:4      | Reached skill level 2 in Necromancy
  4439 | D:4      | Reached skill level 2 in Translocations
  4439 | D:4      | Reached XP level 6. HP: 37/41 MP: 7/13
  4746 | D:4      | Reached skill level 2 in Poison Magic
  4757 | D:4      | Reached skill level 6 in Spellcasting
  4757 | D:4      | Reached skill level 2 in Air Magic
  4929 | D:4      | Reached XP level 7. HP: 32/46 MP: 11/16
  5144 | D:4      | Found a staircase to the Ecumenical Temple.
  5236 | Temple   | Entered the Ecumenical Temple
  5253 | Temple   | Became a worshipper of Ashenzari the Shackled
  5549 | D:5      | Entered Level 5 of the Dungeon
  5608 | D:4      | Reached skill level 7 in Spellcasting
  5773 | D:5      | Found a runed translucent door.
  5777 | D:5      | Noticed rlgrobin's ghost (amateur MeFi)
  5804 | D:4      | Reached skill level 8 in Spellcasting
  5804 | D:4      | Reached skill level 1 in Fighting
  5845 | D:5      | Reached skill level 2 in Dodging
  5913 | D:5      | Reached skill level 2 in Fighting
  5937 | D:5      | Found a runed translucent door.
  6104 | D:5      | Reached XP level 8. HP: 46/57 MP: 15/20
  6132 | D:5      | Reached skill level 3 in Dodging
  6257 | D:5      | Reached skill level 3 in Fighting
  6488 | D:6      | Noticed Blork the orc
  6499 | D:6      | Killed Blork the orc
  6663 | D:6      | Reached skill level 4 in Fighting
  6663 | D:6      | Reached skill level 4 in Dodging
  6946 | D:6      | Reached skill level 5 in Fighting
  7619 | D:6      | Reached skill level 5 in Dodging
  7634 | D:6      | Reached XP level 9. HP: 55/68 MP: 9/21
  7879 | D:6      | Found a runed translucent door.
  7880 | D:6      | Noticed Crazy Yiuf
  7892 | D:6      | Killed Crazy Yiuf
  8033 | D:6      | Reached skill level 6 in Fighting
  8170 | D:7      | Noticed Pikel
  8191 | D:7      | Killed Pikel
  8192 | D:7      | Reached skill level 7 in Fighting
  8192 | D:7      | Reached skill level 6 in Dodging
  8696 | D:7      | Identified the +1 leather armour of Understanding {rPois
                  | rC+ rCorr Str-5}
  8853 | D:7      | Reached * piety under Ashenzari
  9237 | D:8      | Noticed Erica
  9241 | D:8      | Identified +0 swamp dragon scales
  9241 | D:8      | Noticed Maggie
  9246 | D:8      | Killed Erica
  9247 | D:8      | Reached skill level 8 in Fighting
  9247 | D:8      | Reached skill level 7 in Dodging
  9247 | D:8      | Reached XP level 10. HP: 80/80 MP: 19/22
  9257 | D:8      | Killed Maggie
  9578 | D:8      | Found a shimmering blue altar of Sif Muna.
  9581 | D:8      | Found a radiant altar of Vehumet.
  9583 | D:8      | Found an ancient bone altar of Kikubaaqudgha.
  9589 | D:8      | Found a burning altar of Makhleb.
  9772 | D:9      | Identified the +2 ring mail of the Teacher {Str+3}
  9772 | D:9      | Found a staircase to the Orcish Mines.
  9900 | D:9      | Reached skill level 9 in Fighting
 10085 | D:9      | Reached skill level 8 in Dodging
 10623 | D:9      | Reached skill level 10 in Fighting
 10999 | D:9      | Reached ** piety under Ashenzari
 11179 | D:9      | Reached skill level 9 in Dodging
 11452 | D:10     | Entered Level 10 of the Dungeon
 11544 | D:10     | Noticed a two-headed ogre
 11583 | D:10     | Found a portal to a secret trove of treasure.
 11636 | D:10     | Found a flagged portal.
 11656 | Bailey   | Entered a bailey
 11663 | Bailey   | Noticed an orc knight
 11795 | Bailey   | Reached XP level 11. HP: 86/90 MP: 23/23
 11848 | Bailey   | Identified the +0 long sword "Ynoloxoe" {distort, *Rage
                  | Dex+6}
 11959 | Bailey   | Killed an orc knight
 12011 | Bailey   | Reached skill level 3 in Summonings
 12162 | D:10     | Noticed a two-headed ogre
 12171 | D:10     | Killed a two-headed ogre
 12172 | D:10     | Reached skill level 4 in Summonings
 12436 | D:10     | Reached skill level 5 in Summonings
 12484 | D:10     | Found a staircase to the Lair.
 12503 | D:10     | Killed a two-headed ogre
 12841 | D:11     | Noticed a white ugly thing
 12857 | D:11     | HP: 6/84 [white ugly thing (7)]
 12858 | D:11     | Slain by a white ugly thing

Vanquished Creatures
  2 two-headed ogres (D:10)
  Erica (D:8)
  Pikel (D:7)
  An orc knight (Bailey)
  2 trolls (D:9)
  A hornet (D:9)
  A yak (D:10)
  A wraith (D:9)
  4 vampire mosquitoes (D:10)
  3 acid dragons (D:9)
  10 orc warriors
  4 black bears
  A centaur (D:6)
  An ogre (D:5)
  4 phantoms
  5 kobold brigands
  4 lemures (D:7)
  Blork the orc (D:6)
  3 bullfrogs
  4 scorpions
  A gnoll sergeant (D:4)
  31 wights
  9 killer bees (D:9)
  3 howler monkeys (D:9)
  An electric eel (D:7)
  3 hounds
  A jelly (D:7)
  2 orc priests
  Crazy Yiuf (D:6)
  4 gnoll boudas (D:6)
  7 iguanas
  8 orc wizards
  18 gnolls
  6 adders
  2 shadow imps
  A white imp (D:6)
  2 ufetubi
  4 worms
  35 orcs
  6 ball pythons
  9 endoplasms
  3 giant cockroaches
  10 goblins
  11 hobgoblins
  13 jackals
  32 kobolds
  4 quokkas
  4 bats (D:1)
  3 frilled lizards
  4 rats
292 creatures vanquished.

Vanquished Creatures (collateral kills)
  Maggie (D:8)
  A water moccasin (D:6)
  A phantom (D:4)
  A hound (D:3)
  2 iguanas
  3 gnolls
  An adder (D:5)
  An orc (D:3)
  A kobold (D:4)
  A butterfly (D:4)
13 creatures vanquished.

Vanquished Creatures (others)
  9 fungi
  28 plants
37 creatures vanquished.

Grand Total: 342 creatures vanquished
